 Dungeon Crawl Stone Soup version 0.23.0-3-gf3c87f2 (webtiles) character file.

Game seed: 16230488420741152070

4335 Azzok the Warrior (level 10, -8/75 HPs)
             Began as an Octopode Transmuter on Feb 22, 2019.
             Was a Believer of Okawaru.
             Splashed by Maurice's acid (11 damage)
             ... on level 9 of the Dungeon.
             The game lasted 00:20:24 (12953 turns).

Azzok the Warrior (Octopode Transmuter)            Turns: 12953, Time: 00:20:25

Health: -8/75      AC:  2    Str:  9    XL:     10   Next: 33%
Magic:  11/20      EV: 10    Int: 20    God:    Okawaru [**....]
Gold:   397        SH:  0    Dex: 12    Spells: 12/22 levels left

rFire    x . .     SeeInvis +     - Unarmed
rCold    + + +     Gourm    .   (shield currently unavailable)
rNeg     . . .     Faith    .   (helmet currently unavailable)
rPois    +         Spirit   .   (no amulet)
rElec    .         Reflect  .   m - ring of see invisible
rCorr    .         Harm     .   z - ring of protection from magic
MR       ++...                  D - ring of protection from magic
Stlth    ++........             C - ring of stealth
HPRegen  0.22/turn              (no ring)
MPRegen  0.17/turn              (no ring)
                                (no ring)
                                (no ring)

@: ice-form, corroded
A: large, almost no armour, stealthy swim, amphibious, 8 rings, (constrict 8)
a: End Transformation, Heroism, Renounce Religion


You were on level 9 of the Dungeon.
You worshipped Okawaru.
Okawaru was pleased with you.
You were hungry.
You were a creature of crystalline ice.
You visited 2 branches of the dungeon, and saw 10 of its levels.

You collected 397 gold pieces.

Inventory:

Hand Weapons
 E - a +1 falchion of flaming
Missiles
 a - 121 arrows
Armour
 x - a +0 shield
Jewellery
 m - a ring of see invisible (left front paw)
 z - a ring of protection from magic (right front paw)
 C - a ring of stealth (on tentacle)
 D - a ring of protection from magic (on tentacle)
Wands
 n - a wand of random effects (9)
 s - a wand of clouds (6)
 B - a wand of disintegration (10)
Scrolls
 b - a scroll of blinking {unknown}
 d - 2 scrolls of remove curse {unknown}
 e - 3 scrolls of immolation {unknown}
 f - a scroll of enchant armour {unknown}
 i - 9 scrolls of identify
 j - a scroll of enchant weapon {unknown}
 o - 4 scrolls of teleportation {unknown}
 p - a scroll of noise {unknown}
 r - 2 scrolls of amnesia {unknown}
 u - 2 scrolls of fog {unknown}
 w - 2 scrolls of random uselessness {unknown}
 y - 2 scrolls of fear {unknown}
 A - a scroll of vulnerability {unknown}
Potions
 g - 7 potions of curing
 h - 3 potions of mutation {unknown}
 k - a potion of might {unknown}
 l - 3 potions of ambrosia
 q - a potion of lignification {unknown}
 t - a potion of berserk rage {unknown}
 v - a potion of heal wounds {unknown}
Comestibles
 c - 10 rations
 F - 9 chunks of flesh


   Skills:
 - Level 3.7 Fighting
 - Level 2.0 Dodging
 - Level 1.3 Shields
 - Level 4.7 Unarmed Combat
 - Level 6.9 Spellcasting
 - Level 7.6 Transmutations
 + Level 9.7 Invocations


You had 12 spell levels left.
You knew the following spells:

 Your Spells              Type           Power        Failure   Level  Hunger
a - Ice Form              Ice/Tmut       ###.....     21%         4    ###....
c - Spider Form           Tmut/Pois      ###.......   6%          3    #......
e - Sticks to Snakes      Tmut           #####...     1%          2    None
j - Beastly Appendage     Tmut           #####.       1%          1    None

Your spell library contained the following spells:

 Spells                   Type           Power        Failure   Level  Hunger
 Blade Hands              Tmut           #####.....   12%         5    #####..


Dungeon Overview and Level Annotations

Branches:
Dungeon (9/15)             Temple (1/1) D:6
   Lair: D:8-11         Orc: D:9-12

Altars:
Ashenzari
Cheibriados
Dithmenos
Elyvilon
Fedhas
Gozag
Hepliaklqana
Kikubaaqudgha
Makhleb
Nemelex Xobeh
Okawaru
Qazlal
Ru
Sif Muna
Uskayaw
Vehumet
Wu Jian
Xom
Yredelemnul
Zin
The Shining One

Shops:
D:6 [

Annotations:
D:8 1 exclusion
D:9 Maurice


Innate Abilities, Weirdness & Mutations

You cannot wear most types of armour.
You are very stealthy in the water. (Stealth+)
You are amphibious.
You can wear up to eight rings at the same time.
((You can use your tentacles to constrict eight enemies at once.))
((Your skin changes colour to match your surroundings (Stealth+).))
((Your rubbery body absorbs attacks. (AC +1, EV +1)))


Message History

You punch the troll! You freeze the troll.
You kill the troll!
Okawaru accepts your kill.
Maurice mumbles some strange words.
Maurice puts on a burst of speed!
You swap places.
You are no longer corroded.
Maurice zaps a wand.
The bolt of acid hits you!
You are splashed with acid!
* * * LOW HITPOINT WARNING * * *
You swap places.
Evoke which item? (* to show all) (? for menu, Esc to quit)
Okay, then.
You swap places.
Maurice zaps a wand.
The bolt of acid hits your ball python!
Your ball python is splashed with acid.
Your ball python dies!
The bolt of acid hits you!
* * * LOW HITPOINT WARNING * * *
The acid corrodes you!
You are splashed with acid!
You die...

·····$··········▒
·················
················
···············
·▒▒▒············▒▒
·············>····
········S·········
▒·····SSY········
····▒▒▒▒S·······▒
···············▒▒▒
···▒▒············
▒··▒·<@··$···
·····▒·········
···▒▒▒▒········▒
··▒ ▒········· ··
·····^····


You could see Maurice (invisible), 3 friendly adders and a friendly ball python.

Vanquished Creatures
  Harold (D:7)
  Joseph (D:7)
  A troll (D:9)
  Eustachio (D:4)
  A hungry ghost (D:7)
  2 black bears
  3 orc warriors
  2 ice beasts
  A phantom (D:5)
  2 ogres
  2 centaurs
  2 big kobolds (D:8)
  Blork the orc (D:5)
  2 bullfrogs (D:7)
  2 scorpions
  A water moccasin skeleton (D:5)
  A howler monkey (D:6)
  3 crimson imps
  3 jellies
  4 hounds
  6 orc priests
  A bullfrog skeleton (D:5)
  4 orc wizards
  A centaur skeleton (D:4)
  An iguana (D:5)
  Natasha (twice) (D:2)
  8 worker ants
  A hound zombie (D:5)
  A worker ant zombie (D:6)
  Robin (D:2)
  7 adders
  3 gnolls (D:6)
  A howler monkey skeleton (D:6)
  2 shadow imps
  A white imp (D:6)
  3 oozes
  An adder zombie (D:5)
  3 adder skeletons
  8 worms
  A dart slug (D:3)
  4 leopard geckos
  32 orcs
  2 giant cockroaches
  11 hobgoblins
  11 jackals
  3 quokkas
  5 ball pythons
  7 bats
  13 frilled lizards
  23 goblins
  10 kobolds
  2 quokka zombies
  16 rats
231 creatures vanquished.

Notes
Turn   | Place    | Note
-------+----------+-------------------------------------------
     0 | D:1      | Azzok the Octopode Transmuter began the quest for the Orb.
     0 | D:1      | Reached XP level 1. HP: 13/13 MP: 3/3
   272 | D:1      | Reached XP level 2. HP: 18/18 MP: 5/5
   678 | D:1      | Reached XP level 3. HP: 10/23 MP: 6/6
   871 | D:1      | Learned a level 3 spell: Spider Form
  1988 | D:2      | Reached XP level 4. HP: 19/28 MP: 4/8
  2311 | D:2      | Noticed Robin
  2325 | D:2      | Killed Robin
  2591 | D:2      | Learned a level 4 spell: Ice Form
  2698 | D:2      | Reached XP level 5. HP: 33/33 MP: 10/10
  2756 | D:2      | Noticed Natasha
  2766 | D:2      | Killed Natasha
  3038 | D:2      | Noticed Natasha
  3044 | D:2      | Killed Natasha
  3735 | D:3      | Learned a level 2 spell: Sticks to Snakes
  3889 | D:3      | Reached XP level 6. HP: 38/38 MP: 9/12
  4845 | D:4      | You fall through a shaft for 2 floors!
  4855 | D:6      | Reached skill level 5 in Transmutations
  5133 | D:6      | Noticed an ice beast
  5146 | D:6      | Killed an ice beast
  5197 | D:6      | Reached XP level 7. HP: 27/43 MP: 10/14
  5337 | D:6      | Reached skill level 5 in Spellcasting
  6209 | D:5      | Entered Level 5 of the Dungeon
  6367 | D:6      | HP: 2/43 [poisoned by a worker ant]
  6368 | D:6      | Reached XP level 8. HP: 2/48 MP: 8/16
  6681 | D:5      | Noticed Blork the orc
  6852 | D:5      | Killed Blork the orc
  7651 | D:4      | Noticed Eustachio
  7670 | D:4      | Killed Eustachio
  8632 | D:5      | Reached XP level 9. HP: 57/57 MP: 19/19
  8868 | D:5      | Found a blossoming altar of Fedhas.
  9188 | D:5      | Reached skill level 1 in Shields
  9326 | D:6      | Found a staircase to the Ecumenical Temple.
  9350 | D:6      | Found Hirgh's Antique Armour Shop.
  9375 | Temple   | Entered the Ecumenical Temple
  9677 | Temple   | Became a worshipper of Warmaster Okawaru
 10212 | D:7      | Reached skill level 1 in Invocations
 10277 | D:7      | Reached skill level 2 in Invocations
 10403 | D:7      | Noticed Harold
 10465 | D:7      | Killed Harold
 10465 | D:7      | Reached * piety under Okawaru
 10465 | D:7      | Reached skill level 6 in Invocations
 11008 | D:7      | Reached skill level 7 in Invocations
 11116 | D:7      | Noticed Joseph
 11131 | D:7      | Killed Joseph
 11131 | D:7      | Reached skill level 8 in Invocations
 11131 | D:7      | Reached XP level 10. HP: 17/63 MP: 17/20
 12288 | D:8      | Reached skill level 9 in Invocations
 12331 | D:8      | Reached ** piety under Okawaru
 12715 | D:8      | Found a snail-covered altar of Cheibriados.
 12934 | D:9      | Noticed Maurice
 12953 | D:9      | HP: 3/75 [Maurice/wand of acid (7) (17)]
 12953 | D:9      | Splashed by Maurice's acid

Skill      XL: |  1  2  3  4  5  6  7  8  9 10 |
---------------+-------------------------------+-----
Transmutations | 3 4 5 6 7 |  7.6
Spellcasting   | 3 4 5 6 |  6.9
Fighting       | 3 |  3.7
Unarmed Combat | 4 |  4.7
Shields        | 1 |  1.3
Invocations    | 8 9 |  9.7
Dodging        | |  2.0

Action                   |  1- 3 |  4- 6 |  7- 9 | 10-12 || total
-------------------------+-------+-------+-------+-------++-------
Melee: Unarmed           |   101 |   206 |   327 |    76 ||   710
       Constrict         |    24 |    13 |     9 |     1 ||    47
       Kick              |     7 |       |       |       ||     7
       Tentacles         |    10 |     9 |    10 |       ||    29
       Punch             |     1 |       |       |       ||     1
 Cast: Beastly Appendage |     5 |     1 |       |       ||     6
       Spider Form       |     7 |    21 |    25 |       ||    53
       Sticks to Snakes  |       |     3 |       |     4 ||     7
       Ice Form          |       |       |    20 |     7 ||    27
 Abil: End Transformatio |       |       |     1 |     1 ||     2
Evoke: Wand              |       |       |     7 |       ||     7
  Use: Scroll            |       |       |     2 |       ||     2
 Stab: Sleeping          |     5 |     5 |     1 |       ||    11
       Confused          |       |       |     3 |       ||     3
       Distracted        |       |       |       |     1 ||     1
  Eat: Chunk             |     4 |    11 |    22 |     4 ||    41
       Ration            |       |     1 |       |     1 ||     2
Armor: Skin              |    14 |     7 |    44 |    19 ||    84
Dodge: Dodged            |    61 |   151 |   241 |    33 ||   486
